AoeStats
← VkA | Leite Ninho

African Clearing

506498375Analyzed
4v4 RM · 18d ago on Sep 13, 2026· 44m 41s· 8 players
Game mode
Random Map
Map size
Large (8 player)
Population
200
Speed
Normal
Resources
Standard
Victory
Conquest
Starting age
Dark Age
Ending age
Imperial Age
RankedLock teamsTeams togetherTeam positionsShared explorationLock speedFull tech treeHidden civsTurbo modeCheats
Victory
Defeat
🇲🇽 Spanish · Mexico
1329
+15
🇺🇸 Hindustanis · United States
1327
+15
🇦🇷 Romans · Argentina
1309
+16
🇪🇸 Cumans · Spain
1304
+16
🇧🇷 Vietnamese · Brazil
1342
-16
🇧🇷 Berbers · Brazil
1331
-16
🇧🇷 Georgians · Brazil
1296
-15
🇧🇷 Huns · Brazil
1287
-29
rubenciego
6:36 Loom
14:41 Feudal Age
18:29 Castle Age
16:15 Double-Bit Axe
17:56 Stone Mining
17:57 Gold Mining
25:46 Husbandry
26:23 Padded Archer Armor
27:22 Leather Archer Armor
28:20 Bloodlines
30:13 Wheelbarrow
32:00 Hand Cart
32:54 Town Watch
36:19 Imperial Age
36:24 Cavalier
37:12 Scale Barding Armor
38:15 Chain Barding Armor
38:47 Conscription
40:11 Plate Barding Armor
39:47 Forging
40:49 Paladin
44:04 Iron Casting
45:46 Blast Furnace
45:17 Ring Archer Armor
Alejandro_Cao
3:03 Loom
12:18 Feudal Age
13:07 Double-Bit Axe
17:03 Fletching
18:04 Horse Collar
22:40 Castle Age
29:57 Wheelbarrow
31:12 Town Watch
36:45 Hand Cart
45:22 Imperial Age
44:25 Bloodlines
Rabe3000
3:47 Loom
12:44 Feudal Age
14:20 Double-Bit Axe
17:08 Bloodlines
23:37 Castle Age
21:41 Fletching
23:27 Scale Barding Armor
23:34 Forging
24:02 Light Cavalry
24:43 Husbandry
25:53 Chain Barding Armor
31:09 Iron Casting
31:25 Wheelbarrow
30:37 Town Watch
34:10 Hand Cart
41:11 Imperial Age
42:28 Plate Barding Armor
41:19 Heavy Camel Rider
44:40 Blast Furnace
43:17 Imperial Camel Rider
alf
5:13 Loom
14:22 Feudal Age
14:27 Man-at-Arms
16:16 Scale Mail Armor
16:21 Scale Barding Armor
19:53 Double-Bit Axe
19:48 Horse Collar
21:55 Town Watch
25:33 Castle Age
30:41 Gold Mining
32:03 Bow Saw
34:00 Pikeman
34:57 Forging
35:02 Fletching
37:51 Chain Mail Armor
38:00 Squires
38:34 Guard Tower
43:42 Murder Holes
VkA | 侍
4:33 Loom
13:37 Feudal Age
22:30 Castle Age
22:21 Bloodlines
22:47 Double-Bit Axe
25:16 Scale Barding Armor
29:58 Horse Collar
32:56 Forging
32:58 Double-Bit Axe
35:47 Scale Mail Armor
38:22 Chain Barding Armor
38:37 Iron Casting
38:49 Wheelbarrow
38:21 Husbandry
44:55 Bow Saw
Pickerout
6:40 Loom
14:24 Feudal Age
21:33 Castle Age
22:38 Bloodlines
23:30 Double-Bit Axe
38:45 Bow Saw
38:24 Horse Collar
43:26 Wheelbarrow
43:27 Scale Barding Armor
43:32 Forging
VkA | Leite Ninho
6:07 Loom
12:48 Feudal Age
14:00 Double-Bit Axe
20:45 Castle Age
20:01 Horse Collar
21:05 Stone Mining
21:40 Bow Saw
21:31 Heavy Plow
29:55 Fletching
35:33 Bodkin Arrow
40:59 Ballistics
40:50 Bloodlines
40:41 Husbandry
40:42 Padded Archer Armor
41:39 Leather Archer Armor
VkA | LimaoNub
9:23 Loom
12:48 Feudal Age
13:22 Double-Bit Axe
14:53 Fletching
23:08 Scale Mail Armor
23:18 Forging
23:08 Scale Mail Armor
27:25 Castle Age
25:48 Horse Collar
26:23 Gold Mining
27:28 Crossbowman
28:20 Bodkin Arrow
Connection lost

Rejoining the realm…

Still unreachable

The connection could not be restored.

Session expired

The server has moved on; the page needs a fresh start.